 Dungeon Crawl Stone Soup version 0.21.0-3-g78d12a8 (webtiles) character file.

26 oplop the Sneak (level 3, 0/16 HPs)
             Began as a Vine Stalker Enchanter on Jan 10, 2018.
             Succumbed to an adder's poison
             ... on level 2 of the Dungeon.
             The game lasted 00:03:21 (1278 turns).

oplop the Sneak (Vine Stalker Enchanter)            Turns: 1278, Time: 00:03:23

Health: 0/16       AC:  2    Str: 10    XL:     3   Next: 8%
Magic:  0/7        EV: 12    Int: 15    God:
Gold:   50         SH:  0    Dex: 15    Spells: 4/7 levels left

rFire    . . .     SeeInvis +   a - +1 dagger
rCold    . . .     Gourm    .   (no shield)
rNeg     . . .     Faith    .   b - +0 robe
rPois    .         Spirit   +   (no helmet)
rElec    .         Reflect  .   (no cloak)
rCorr    .         Harm     .   (no gloves)
MR       .....                  (no boots)
Stlth    +++.......             (no amulet)
HPRegen  0.05/turn              e - ring of see invisible
MPRegen  0.10/turn              (no ring)

@: lethally poisoned (0 -> -8)
A: fangs 2, magic shield, antimagic bite, no potion heal 3, rot immunity
a: no special abilities


You were on level 2 of the Dungeon.
You were not hungry.

You visited 1 branch of the dungeon, and saw 2 of its levels.

You collected 50 gold pieces.

Inventory:

Hand Weapons
 a - a +1 dagger (weapon)
Armour
 b - a +0 robe (worn)
Jewellery
 e - a ring of see invisible (left hand)
Scrolls
 f - a scroll of teleportation {unknown}
 g - a scroll of identify {unknown}
 h - 2 scrolls of remove curse {unknown}
Books
 c - a book of Maledictions

   Spells                             Type                      Level
   a - Corona                         Hexes                        1
   b - Ensorcelled Hibernation        Hexes/Ice                    2
   c - Confuse                        Hexes                        3
   d - Tukima's Dance                 Hexes                        3
   e - Dazzling Spray                 Conjuration/Hexes            3
Comestibles
 d - 3 rations
 i - 2 chunks of flesh


   Skills:
 - Level 0.8 Short Blades
 + Level 1.8 Dodging
 + Level 4.0 Stealth
 * Level 2.6 Spellcasting
 * Level 3.4 Hexes


You had 4 spell levels left.
You knew the following spells:

 Your Spells              Type           Power        Failure   Level  Hunger
a - Corona                Hex            ##.....      4%          1    #......
b - Ensorcelled Hibernat  Hex/Ice        #.....       16%         2    ##.....


Dungeon Overview and Level Annotations

Branches:
Dungeon (2/15)

Altars:


Innate Abilities, Weirdness & Mutations

You have extremely sharp teeth.
When hurt, damage is shared between your health and your magic reserves.
Your bite disrupts and absorbs the magic of your enemies.
Potions cannot restore your health.
You are immune to rotting.


Message History

Aim: an adder (chance to defeat MR: 57%)
Okay, then.
Casting: Corona
Confirm with . or Enter, or press ? or * to list all spells.
Aiming: Ensorcelled Hibernation
Press: ? - help, Shift-Dir - straight line, f - adder
Aim: an adder (chance to defeat MR: 48%)
The adder resists with some effort.
You feel sick. The adder bites you.
You are lethally poisoned!
The adder poisons you!
Casting: Ensorcelled Hibernation
Confirm with . or Enter, or press ? or * to list all spells.
Aiming: Ensorcelled Hibernation
Press: ? - help, Shift-Dir - straight line, f/p - adder
Aim: an adder (chance to defeat MR: 48%)
The adder resists with some effort.
The adder completely misses you.
You aren't carrying any potions.
You feel sick. The adder bites you.
* * * LOW HITPOINT WARNING * * *
You die...

.# #.# ###.###
......# ..#
#...#.# #..#
#.#.#.# #..#
#.#.#.# #..#
#.S...###.#..#
#...@.....#..#
.##.###.#######..#
!..$....†.....>..#
.######.#######..#
#.##.......#
#.##.#.....# #.#
#.##..# #.#
#..<..# #.#
#..#).#


You could see an adder.

Vanquished Creatures
  2 dart slugs (D:1)
  A leopard gecko (D:2)
  2 bats (D:1)
  3 giant cockroaches (D:1)
  2 goblins (D:1)
  2 hobgoblins (D:1)
  3 frilled lizards
  3 kobolds
  2 rats (D:1)
20 creatures vanquished.

Notes
Turn   | Place    | Note
-------+----------+-------------------------------------------
     0 | D:1      | oplop the Vine Stalker Enchanter began the quest for the Orb.
     0 | D:1      | Reached XP level 1. HP: 9/9 MP: 4/4
   169 | D:1      | Reached XP level 2. HP: 5/13 MP: 1/6
   517 | D:1      | Learned a level 2 spell: Ensorcelled Hibernation
  1034 | D:1      | Reached skill level 4 in Stealth
  1252 | D:2      | Reached XP level 3. HP: 16/16 MP: 7/7
  1278 | D:2      | Succumbed to an adder's poison

Skill      XL: |  1  2 |
---------------+-------+-----
Stealth        | 4 |  4.0
Short Blades   | |  0.8
Dodging        | |  1.8
Spellcasting   | |  2.6
Hexes          | |  3.4

Action                   || total
-------------------------++-------
Melee: Dagger            ||    64
       Bite              ||    12
 Cast: Corona            ||     8
       Ensorcelled Hiber ||     3
 Stab: Sleeping          ||     4
  Eat: Chunk             ||     1
Armor: Robe              ||    15
Dodge: Dodged            ||    31
